Map: Last Remnant

Players

GreatYeast

  • Race: Protoss Protoss
  • Spawn Location: 6:00

Infamous

  • Race: Protoss Protoss
  • League: Gold
  • Spawn Location: 7:00

ButterMyButt

  • Race: Protoss Protoss
  • Spawn Location: 6:00

matrex

  • Race: Zerg Zerg
  • League: Silver
  • Spawn Location: 9:00

RRENATOZ - Winner!

  • Race: Zerg Zerg
  • Spawn Location: 12:00

FyshSOSO - Winner!

  • Race: Zerg Zerg
  • Spawn Location: 3:00

cheeseman - Winner!

  • Race: Terran Terran
  • Spawn Location: 1:00

TWoGSun - Winner!

  • Race: Protoss Protoss
  • Spawn Location: 12:00

VOD

Have the link to the VOD?

Description

Time

  • Played on: April 18, 2018, 9:08 a.m.
  • Length: 5:26
Show
View Real Time Build Order
Export as new Build Order

GreatYeast Protoss 

Build Orders:  

Get SALT Encoding   

  12  0:01  Probe  
  13  0:09  Probe  
  14  0:15  Pylon  
  14  0:17  Probe  
  14  0:27  Pylon  
  15  0:44  Pylon  
  15  0:52  Gateway  
  15  0:57  Pylon  
  15  1:16  Forge  
  15  1:18  Pylon, Probe  
  15  1:20  Assimilator  
  16  1:25  Assimilator  
  16  1:26  Probe  
  17  1:38  Gateway  
  17  1:43  Pylon  
  17  1:47  Cybernetics Core  
  17  1:53  Photon Cannon  
  17  1:59  Zealot  
Show
View Real Time Build Order
Export as new Build Order

Infamous Protoss 

Build Orders:  

Get SALT Encoding   

  12  0:01  Probe  
  13  0:13  Pylon, Probe  
  14  0:33  Probe  
  14  0:34  Gateway  
  15  0:49  Probe  
  16  0:58  Assimilator  
  16  1:01  Probe  
  17  1:15  Probe  
  18  1:23  Cybernetics Core  
  18  1:27  Probe  
  19  1:41  Probe  
  19  1:46  Assimilator  
  20  1:49  Probe  
  20  1:50  Pylon  
  21  1:59  Gateway  
  21  2:01  Stalker, Warp Gate  
  21  2:09  Probe  
  24  2:17  Shield Battery  
  24  2:23  Shield Battery  
  24  2:26  Shield Battery  
  24  2:43  Probe, Stalker  
  27  2:46  Stalker  
  29  3:05  Forge  
  29  3:06  Probe  
  29  3:07  Robotics Facility  
  29  3:11  Pylon  
  30  3:22  Probe  
  31  3:29  Pylon, Stalker x2  
  35  3:46  Probe  
  36  3:58  Probe, Immortal  
  36  4:00  Robotics Bay  
  41  4:14  Photon Cannon  
  41  4:15  Photon Cannon  
  41  4:17  Photon Cannon  
  41  4:37  Immortal  
Show
View Real Time Build Order
Export as new Build Order

ButterMyButt Protoss 

Build Orders:  

Get SALT Encoding   

  12  0:20  Probe  
  13  0:24  Pylon  
  13  0:46  Probe  
  14  0:50  Gateway  
  14  1:01  Probe  
  14  1:05  Assimilator  
  14  1:09  Probe  
  16  1:19  Probe  
  17  1:34  Probe  
  17  1:38  Cybernetics Core  
  18  1:41  Assimilator  
  18  1:46  Probe  
  19  1:58  Probe  
  20  2:03  Zealot  
  20  2:06  Pylon  
  22  2:37  Shield Battery  
  22  2:40  Shield Battery  
  22  2:43  Pylon  
Show
View Real Time Build Order
Export as new Build Order

matrex Zerg 

Build Orders:  

Get SALT Encoding   

  12  0:29  Hatchery  
  11  0:47  Hatchery  
Show
View Real Time Build Order
Export as new Build Order

RRENATOZ Zerg - Winner!

Build Orders: Pool First 

Get SALT Encoding   

  12  0:04  Drone  
  13  0:14  Overlord  
  13  0:19  Drone  
  14  0:59  Spawning Pool  
  13  1:10  Drone  
  13  1:11  Drone  
  15  1:12  Drone, Hatchery  
  15  1:38  Drone, Overlord  
  16  2:04  Queen  
  16  2:07  Zergling x4  
  16  2:08  Overlord  
  20  2:14  Extractor  
  18  3:20  Zergling x6  
  18  3:24  Drone x2  
  18  3:25  Drone  
  24  3:30  Queen  
  24  3:31  Queen  
  28  4:02  Zergling x6  
  31  4:34  Zergling x8  
  31  4:36  Overlord x4  
Show
View Real Time Build Order
Export as new Build Order

FyshSOSO Zerg - Winner!

Build Orders: Pool Only 

Get SALT Encoding   

  12  0:05  Drone  
  13  0:08  Drone  
  14  0:16  Extractor  
  13  0:33  Spawning Pool  
  12  0:35  Drone  
  12  0:38  Drone  
  14  0:50  Overlord  
  14  1:21  Zergling x2  
  14  1:22  Zergling x4  
  14  1:23  Metabolic Boost  
  17  1:33  Zergling x2  
  18  1:54  Queen  
  18  1:55  Overlord  
  18  1:57  Zergling x2  
  18  1:58  Spine Crawler  
  20  2:15  Zergling x2  
  20  2:16  Zergling x2  
  19  2:39  Zergling x4  
  20  2:50  Zergling x2  
  21  3:07  Zergling x2  
  22  3:13  Zergling x4, Spine Crawler  
  22  3:14  Zergling x2  
  22  3:18  Zergling x2  
  25  3:22  Zergling x2  
  26  3:45  Zergling x8  
  30  3:59  Overlord x2  
  30  4:22  Zergling x2  
  30  4:23  Zergling x2  
  29  4:33  Zergling x6  
  30  4:49  Zergling x4  
  31  4:58  Zergling x2  
  28  5:06  Zergling x2  
Show
View Real Time Build Order
Export as new Build Order

cheeseman Terran - Winner!

Build Orders:  

Get SALT Encoding   

  12  0:01  SCV  
  13  0:13  SCV  
  14  0:19  Supply Depot  
  14  0:25  SCV  
  15  0:29  Refinery  
  15  0:41  SCV  
  16  0:47  Barracks  
  16  0:53  SCV  
  17  1:06  Barracks  
  17  1:08  SCV  
  18  1:24  Barracks  
  18  1:26  SCV  
  19  1:35  Reaper  
  19  1:39  Supply Depot  
  20  1:53  Refinery  
  20  1:54  Reaper  
  20  1:57  SCV  
  22  2:07  Reaper  
  23  2:12  Reaper  
  24  2:17  Orbital Command  
  24  2:27  Reaper  
  25  2:42  Reaper  
  25  2:44  Reaper  
  27  2:52  SCV  
  27  2:55  Supply Depot  
  28  2:59  Reaper  
  28  3:04  SCV  
  30  3:14  Reaper  
  31  3:20  Reaper  
  32  3:32  Reaper  
  32  3:43  Supply Depot  
  32  3:44  SCV  
  33  3:49  Reaper  
  33  3:52  Reaper, Command Center  
  35  4:04  Reaper  
  36  4:20  SCV  
  36  4:22  Reaper  
  38  4:24  Reaper  
  39  4:32  SCV  
  39  4:36  Reaper  
  41  4:44  SCV  
  39  4:56  SCV  
  40  5:08  SCV  
  40  5:12  SCV  
Show
View Real Time Build Order
Export as new Build Order

TWoGSun Protoss - Winner!

Build Orders: 1 Gate Expand 

Get SALT Encoding   

  12  0:01  Probe  
  13  0:13  Probe  
  14  0:21  Pylon  
  14  0:25  Probe  
  15  0:38  Probe  
  16  0:43  Gateway  
  16  0:46  Probe  
  16  0:47  Assimilator  
  16  0:55  Probe  
  18  1:06  Probe  
  19  1:27  Nexus  
  19  1:31  Probe  
  20  1:40  Cybernetics Core  
  20  1:44  Probe  
  21  1:49  Pylon  
  21  1:56  Probe  
  21  2:00  Assimilator  
  22  2:08  Probe  
  23  2:21  Probe  
  24  2:29  Stargate  
  24  2:33  Assimilator  
  24  2:36  Probe  
  24  2:37  Assimilator  
  25  2:42  Stargate  
  25  2:44  Warp Gate  
  25  2:47  Probe  
  25  2:49  Probe  
  27  2:59  Probe  
  27  3:01  Probe  
  29  3:11  Probe  
  30  3:13  Probe  
  31  3:24  Probe  
  31  3:25  Probe  
  33  3:33  Pylon  
  33  3:36  Probe  
  34  3:42  Fleet Beacon  
  34  3:43  Probe  
  34  3:44  Probe  
  36  3:51  Probe  
  36  3:52  Probe  
  37  3:59  Probe  
  39  4:10  Probe, Nexus  
  40  4:19  Probe  
  41  4:25  Probe  
  41  4:31  Probe  
  43  4:37  Probe  
  50  4:43  Probe  
  51  4:49  Probe  
  51  4:50  Pylon  
  52  4:53  Pylon  
  52  4:54  Pylon  
  52  4:55  Probe  
  53  5:01  Probe  
  54  5:10  Probe  
  54  5:12  Assimilator  
  61  5:17  Assimilator  
Tags
 
Add a new tag
Caveats
  • Supply blocks, unpowered buildings, or Contaminate may cause inaccurate times.
  • Supply counts are checked every 10 seconds.